 Dungeon Crawl Stone Soup version bcrawl-1.36 (webtiles) character file.

Game seed: 11579611487101226351

166626 Mrkan the Skirmisher (level 5, -7/59 HPs)
             Began as an Ogre Fighter on Apr 17, 2022.
             Mangled by a bullfrog (8 damage)
             ... on level 3 of the Dungeon.
             The game lasted 00:03:06 (2034 turns).

Mrkan the Skirmisher (Ogre Fighter)                 Turns: 2034, Time: 00:03:06

Health: -7/59      AC:  3    Str: 26    XL:     5   Next: 40%
Magic:  5/5        EV:  7    Int:  9    God:
Gold:   185        SH:  8    Dex:  8    Spells: 4/4 levels left

rFire    . . .     SeeInvis .   a - +0 flail
rCold    . . .     Gourm    .   c - +0 medium shield
rNeg     . . .     Faith    .   b - +0 robe
rPois    .         Spirit   .   (helmet restricted)
rElec    .         Reflect  .   (no cloak)
rCorr    .                      (gloves unavailable)
MR       .....                  (boots unavailable)
Stlth    +.........             (no amulet)
HPRegen  0.19/turn              (no ring)
MPRegen  0.09/turn              (no ring)

@: mighty
A: large, unfitting armour, tough skin 1
a: no special abilities


You were on level 3 of the Dungeon.
You were hungry.

You visited 1 branch of the dungeon, and saw 3 of its levels.

You collected 185 gold pieces.

Inventory:

Hand Weapons
 a - a +0 flail (weapon)
Missiles
 j - 15 needles of frenzy {=f}
 r - a throwing net {=f}
Armour
 b - a +0 robe (worn)
 c - a +0 medium shield (worn)
Jewellery
 t - a +1 ring of evasion {unknown}
 w - an uncursed ring of insulation {unknown}
 x - a cursed ring of ice {unknown}
Scrolls
 f - 3 scrolls of fear {unknown}
 h - a scroll of amnesia {unknown}
 i - 3 scrolls of identify
 m - a scroll of enchant armour {unknown}
 n - 3 scrolls of noise {unknown}
 o - a scroll of magic mapping {unknown}
 p - a scroll of enchant weapon {unknown}
 v - a scroll of teleportation {unknown}
Potions
 g - 2 potions of cancellation {unknown}
 k - a potion of degeneration {unknown}
 l - a potion of heal wounds {unknown}
 q - a potion of flight {unknown}
 u - 3 potions of curing {unknown}
 z - a potion of mutation {unknown}
 A - a potion of resistance {unknown}
Comestibles
 e - 11 rations {!d}
 s - a chunk of flesh


   Skills:
 * Level 6.2 Fighting
 + Level 3.8 Maces & Flails
 + Level 1.7 Armour
 - Level 2.6 Dodging
 - Level 2.6 Shields


You had 4 spell levels left.
You didn't know any spells.
Your spell library contained the following spells:

 Spells                   Type           Power        Failure   Level  Hunger
 Confuse                  Hex            #.......     100%        3    #####..
 Dazzling Orbs            Conj/Hex       #......      100%        3    #####..
 Petrify                  Tmut/Erth      #.........   100%        4    ######.
 Yara's Violent Unravell  Hex/Tmut       #.........   100%        4    ######.
 Metabolic Englaciation   Hex/Ice        #.........   100%        5    #######
 Mana Rupture             Conj/Hex       #.........   100%        7    #######


Dungeon Overview and Level Annotations

Branches:
Dungeon (3/12)

Altars:
Elyvilon
Qazlal


Innate Abilities, Weirdness & Mutations

You are too large for most types of armour.
You have tough skin. (AC +1)


Message History

The bullfrog hits you!
* * * LOW HITPOINT WARNING * * *
The bullfrog closely misses you.
You barely miss the bullfrog.
The bullfrog is severely wounded.
The bullfrog hits you!
* * * LOW HITPOINT WARNING * * *
You thump the bullfrog!
The bullfrog is almost dead.
You block the bullfrog's attack. x2
You barely miss the bullfrog.
The bullfrog is almost dead.
You block the bullfrog's attack. x2
You feel very mighty all of a sudden. You block the bullfrog's attack.
The bullfrog hits you.
* * * LOW HITPOINT WARNING * * *
You barely miss the bullfrog.
The bullfrog is almost dead.
The bullfrog hits you!
You die...

## ### ... ... ..
##.########.##..
#.#............#
#.#.....##.#
#.@###.##.# ##F#
#.##.# # ..#
#.##.##.# ####
#.##....#
#....##.##.#
####.##.##.#
#######.##.##.#
#.......##.##.# #
######..##.##.#.#


You could see a bullfrog.

Vanquished Creatures
  An orc priest (D:3)
  A centaur skeleton (D:3)
  An adder (D:2)
  A worm (D:3)
  A dart slug (D:2)
  4 leopard geckos
  4 orcs
  A ball python (D:1)
  3 giant cockroaches
  5 hobgoblins
  17 jackals
  4 kobolds
  A quokka (D:2)
  9 bats
  2 frilled lizards
  3 goblins
  2 rats
60 creatures vanquished.

Notes
Turn   | Place    | Note
-------+----------+-------------------------------------------
     0 | D:1      | Mrkan the Ogre Fighter began the quest for the Orb.
     0 | D:1      | Reached XP level 1. HP: 24/24 MP: 1/1
    46 | D:1      | Reached XP level 2. HP: 17/33 MP: 2/2
   604 | D:1      | Reached XP level 3. HP: 25/41 MP: 3/3
   846 | D:2      | Reached skill level 5 in Fighting
   956 | D:2      | Reached skill level 1 in Armour
  1304 | D:2      | Reached XP level 4. HP: 50/50 MP: 4/4
  1412 | D:2      | Found a stormy altar of Qazlal.
  1523 | D:2      | Found a white marble altar of Elyvilon.
  1698 | D:3      | Reached XP level 5. HP: 47/59 MP: 5/5
  1702 | D:3      | Reached skill level 6 in Fighting
  2022 | D:3      | Noticed a bullfrog
  2033 | D:3      | HP: 1/59 [bullfrog (3)]
  2034 | D:3      | Mangled by a bullfrog

Skill      XL: |  1  2  3  4  5 |
---------------+----------------+-----
Maces & Flails | 3 |  3.8
Fighting       | 5 6 |  6.2
Armour         | 1 |  1.7
Dodging        | |  2.6
Shields        | |  2.6

Action                   |  1- 3 |  4- 6 || total
-------------------------+-------+-------++-------
Melee: Flail             |   144 |    86 ||   230
  Use: Potion            |       |     1 ||     1
  Eat: Chunk             |     5 |     6 ||    11
Armor: Robe              |    77 |    33 ||   110
Dodge: Dodged            |    75 |    30 ||   105
Block: Medium shield     |    82 |    39 ||   121
